Map: Catalyst LE

Players

Plebking - Winner!

  • Race: Terran Terran
  • League: Master
  • Spawn Location: 11:00

llllllllllll

  • Race: Protoss Protoss
  • Spawn Location: 5:00

VOD

Have the link to the VOD?

Description

Time

  • Played on: Nov. 25, 2017, 7:03 a.m.
  • Length: 4:20
Show
View Real Time Build Order
Export as new Build Order

Plebking Terran - Winner!

Build Orders:  

Get SALT Encoding   

  12  0:01  SCV  
  13  0:13  SCV  
  14  0:18  Supply Depot  
  14  0:25  SCV  
  15  0:42  Barracks  
  15  0:52  Barracks  
  15  1:06  Barracks  
  15  1:10  SCV  
  16  1:29  Marine  
  16  1:30  Barracks  
  17  1:39  Marine  
  18  1:41  Supply Depot  
  18  1:47  Marine  
  18  1:53  Marine  
  20  1:57  Marine  
  21  2:05  Marine  
  22  2:11  Marine  
  22  2:15  Marine  
  24  2:17  Marine  
  24  2:22  Marine  
  25  2:29  Marine  
  27  2:33  Marine  
  27  2:35  Marine  
  27  2:40  Marine  
  28  2:46  Marine  
  28  2:50  Marine  
  29  2:52  Marine  
  29  2:58  Marine  
  26  3:04  Marine  
  27  3:08  Marine  
  27  3:10  Marine  
  28  3:12  Supply Depot  
  28  3:16  Marine  
  27  3:23  Marine  
  27  3:26  Marine  
  28  3:28  Marine  
  28  3:34  Marine  
  27  3:41  Marine  
  25  3:44  Marine  
  25  3:46  Marine  
  26  3:51  Marine  
  27  3:59  Marine  
  27  4:02  Marine  
Show
View Real Time Build Order
Export as new Build Order

llllllllllll Protoss 

Build Orders:  

Get SALT Encoding   

  12  0:01  Probe  
  13  0:13  Probe  
  14  0:19  Pylon  
  14  0:25  Probe (Chrono Boost)  
  15  0:39  Gateway  
  15  0:40  Probe (Chrono Boost)  
  16  0:44  Probe (Chrono Boost)  
  16  0:47  Assimilator  
  17  0:54  Probe  
  18  1:06  Probe  
  20  1:18  Probe  
  20  1:31  Cybernetics Core, Probe (Chrono Boost)  
  21  1:36  Pylon  
  21  1:39  Zealot  
  23  1:44  Gateway  
  23  1:48  Gateway  
  22  2:08  Adept (Chrono Boost)  
  22  2:09  Shield Battery  
  22  2:11  Shield Battery  
  24  2:16  Warp Gate (Chrono Boost)  
  24  2:25  Shield Battery  
  24  2:26  Pylon  
  24  2:27  Adept (Chrono Boost)  
  26  2:35  Adept  
  19  2:59  Adept  
  18  3:35  Pylon  
  18  3:41  Pylon  
  14  3:52  Pylon  
  14  4:08  Adept x2  
  18  4:11  Adept  
Tags
 
League
Master
Matchup
PvT
Spawn Locations
Cross Positions
Add a new tag
Caveats
  • Supply blocks, unpowered buildings, or Contaminate may cause inaccurate times.
  • Supply counts are checked every 10 seconds.